 Dungeon Crawl Stone Soup version 0.26.1-2-gb8aa6d0cf2 (webtiles) character file.

Game seed: 4332181146593628109

53 vatarom the Skirmisher (level 3, 0/29 HPs)
             Began as a Demonspawn Abyssal Knight on Feb 16, 2021.
             Was a Believer of Lugonu.
             Slain by a worm (9 damage)
             ... on level 2 of the Dungeon.
             The game lasted 00:02:17 (1724 turns).

vatarom the Skirmisher (Demonspawn Abyssal Knight)  Turns: 1724, Time: 00:02:18

Health: 0/29       AC:  4    Str: 12    XL:     3   Next: 62%
Magic:  4/4        EV: 11    Int: 13    God:    Lugonu [**....]
Gold:   56         SH:  0    Dex: 13    Spells: 2/2 levels left

rFire    . . .     SeeInvis .   a - +1 mace
rCold    . . .     Faith    +   (no shield)
rNeg     . . .     Spirit   .   b - +0 leather armour
rPois    .         Reflect  .   (no helmet)
rElec    .         Harm     .   (no cloak)
rCorr    .         Rampage  .   (no gloves)
Will     .....                  n - +0 pair of boots
Stlth    +.........             i - amulet of faith
HPRegen  0.09/turn              (no ring)
MPRegen  0.09/turn              (no ring)

@: no status effects
A: talons 1
a: Renounce Religion, Depart the Abyss, Bend Space


You were on level 2 of the Dungeon.
You worshipped Lugonu.
Lugonu was pleased with you.
You visited 1 branch of the dungeon, and saw 2 of its levels.
You visited the Abyss 1 time.

You collected 56 gold pieces.

Inventory:

Hand Weapons
 a - a +1 mace (weapon)
Missiles
 p - 17 poisoned darts
Armour
 b - a +0 leather armour (worn)
 n - a +0 pair of boots (worn)
Jewellery
 i - an amulet of faith (around neck)
Scrolls
 c - 4 scrolls of identify {unknown}
 e - a scroll of remove curse {unknown}
 j - a scroll of immolation {unknown}
 l - a scroll of amnesia {unknown}
 m - a scroll of magic mapping {unknown}
Potions
 d - a potion of invisibility {unknown}
 f - 2 potions of cancellation {unknown}
 g - a potion of curing {unknown}
 h - a potion of heal wounds {unknown}
 k - a potion of brilliance {unknown}
 o - a potion of degeneration {unknown}


   Skills:
 + Level 3.6 Fighting
 * Level 3.2 Maces & Flails
 - Level 1.7 Armour
 - Level 0.8 Dodging
 - Level 2.4 Invocations


You had 2 spell levels left.
You didn't know any spells.
Your spell library was empty.

Dungeon Overview and Level Annotations

Branches:
Dungeon (2/15)

Altars:


Innate Abilities, Weirdness & Mutations

You have sharp toenails.


Message History

You barely miss the worm.
The worm is moderately wounded.
You hit the worm.
The worm is heavily wounded.
The worm bites you.
You completely miss the worm.
The worm is moderately wounded.
The worm bites you.
You hit the worm.
The worm is severely wounded.
The worm bites you.
You hit the worm.
The worm is severely wounded.
You barely miss the worm.
The worm is severely wounded.
The worm bites you.
You hit the worm.
The worm is almost dead.
The worm bites you!
You die...

..# #.........#..####
..##.........#.....#
..#............#.##
#.#####.....####.#
##+###.#####.#...#...<#
........##...#.#......#
......#.##.###...#.########
....w #)##.#...#.#.........
.... #wb#@#.#.#.#########.
... ##.#w#.#.......# #. ..
#..w#.###.###.# ## .
##..#.#...# #.######
#..#.#.#.# #.......
#..#.#.#.# ########
#....#.#.##
#######.###....#
#.....).#####..#


You could see 2 worms.

Vanquished Creatures
  An adder (D:2)
  A worm (D:2)
  3 dart slugs (D:1)
  A leopard gecko (D:2)
  5 bats
  3 giant cockroaches
  4 goblins
  2 hobgoblins
  3 jackals (D:1)
  2 kobolds (D:1)
  2 frilled lizards (D:2)
  5 rats
32 creatures vanquished.

Notes
Turn   | Place    | Note
-------+----------+-------------------------------------------
     0 | Abyss:1  | vatarom the Demonspawn Abyssal Knight began the quest for
                  | the Orb.
     0 | Abyss:1  | Reached XP level 1. HP: 18/18 MP: 2/2
     7 | Abyss:1  | Noticed an eidolon
    14 | D:1      | Escaped the Abyss
   389 | D:1      | Gained mutation: You have sharp toenails. [demonic
                  | ancestry]
   389 | D:1      | Reached XP level 2. HP: 19/24 MP: 3/3
   957 | D:1      | Reached XP level 3. HP: 28/29 MP: 4/4
  1209 | D:2      | Reached ** piety under Lugonu
  1724 | D:2      | Slain by a worm

Illustrated notes

Levels and vault maps discovered:
D:1:      dpeg_arrival_windows_large_door, layout_basic,
          hangedman_decor_peaks_small, minmay_misc_feat_cross,
          minmay_misc_feat_enclosed
D:2:      minmay_skewed_foursquare, layout_basic, kennysheep_slug_shrine

Skill      XL: |  1  2  3 |
---------------+----------+-----
Maces & Flails | 2 3 |  3.2
Fighting       | |  3.6
Armour         | |  1.7
Dodging        | |  0.8
Invocations    | |  2.4

Action                   || total
-------------------------++-------
Melee: Mace              ||    91
       Kick              ||     6
 Stab: Sleeping          ||     1
Armor: Leather armour    ||    19
Dodge: Dodged            ||    58
